 Dungeon Crawl Stone Soup version 0.26-a0-778-g3fe0686644 (webtiles) character file.

Game seed: 1102154261949381468

316 thag the Ruffian (level 6, -2/62 HPs)
             Began as a Troll Berserker on Nov 11, 2020.
             Was a Believer of Trog.
             Slain by a wight
             ... wielding a +0 battleaxe
              (11 damage)
             ... on level 2 of the Dungeon.
             The game lasted 00:09:31 (1485 turns).

thag the Ruffian (Troll Berserker)                  Turns: 1485, Time: 00:09:31

Health: -2/62      AC:  6    Str: 28    XL:     6   Next: 20%
Magic:  5/5        EV: 10    Int:  3    God:    Trog [**....]
Gold:   137        SH:  0    Dex:  9    Spells: 5/5 levels left

rFire    . . .     SeeInvis .     - Unarmed
rCold    . . .     Faith    .   (no shield)
rNeg     . . .     Spirit   .   a - +0 animal skin
rPois    .         Reflect  .   (helmet restricted)
rElec    .         Harm     .   (no cloak)
rCorr    .         Rampage  .   (gloves unavailable)
MR       .....                  (boots unavailable)
Stlth    +.........             (no amulet)
HPRegen  0.60/turn              (no ring)
MPRegen  0.09/turn              (no ring)

@: berserk cooldown, heavily drained
A: large, unfitting armour, claws 3, regeneration 1, shaggy fur 1, tough skin 3
a: Berserk, Trog's Hand, Renounce Religion


You were on level 2 of the Dungeon.
You worshipped Trog.
Trog was pleased with you.
You visited 1 branch of the dungeon, and saw 3 of its levels.

You collected 137 gold pieces.

Inventory:

Hand Weapons
 l - a +0 falchion
Armour
 a - a +0 animal skin (worn)
Scrolls
 b - 3 scrolls of enchant armour {unknown}
 d - 2 scrolls of magic mapping {unknown}
 e - a scroll of identify {unknown}
 h - a scroll of blinking {unknown}
 j - a scroll of teleportation {unknown}
 k - a scroll of noise {unknown}
Potions
 c - a potion of heal wounds {unknown}
 f - a potion of invisibility {unknown}
 g - a potion of flight {unknown}
 i - a potion of curing {unknown}


   Skills:
 + Level 3.8(1.7) Fighting
 + Level 3.8(1.7) Dodging
 + Level 4.7(2.4) Unarmed Combat


You had 5 spell levels left.
You didn't know any spells.
Your spell library was empty.

Dungeon Overview and Level Annotations

Branches:
Dungeon (3/15)

Altars:


Innate Abilities, Weirdness & Mutations

You are too large for most types of armour.
You have claws for hands.
Your natural rate of healing is unusually fast.
You are covered in fur. (AC +1)
You have extremely tough skin. (AC +3)


Message History

You climb upwards.
There is a stone staircase leading down, spattered with blood here.
You fail to use your ability.
The wight hits you with a +0 battleaxe!
You feel drained. The gnoll barely misses you.
You're still recovering from your berserk rage.
You claw the wight!
The wight is almost destroyed.
The gnoll hits you with a +1 vorpal flail.
The wight barely misses you.
You barely miss the wight.
The wight is almost destroyed.
The gnoll barely misses you.
You closely miss the wight. Your claw misses the wight.
The wight is almost destroyed.
The wight hits you with a +0 battleaxe!
* * * LOW HITPOINT WARNING * * *
You closely miss the wight.
The wight is almost destroyed.
The gnoll barely misses you. The wight hits you with a +0 battleaxe!
You die...

...# #...# ...# #...########
...# ####..........# ...#
#.....#######.# ...#
#.....#######.#
######.....#....##.#
...........#.##....#
...............z.###
.[..†..........(@##
..........##...[.g###########
.#####+#####................#
.# #....###.###.#########.# .#
#.##.##....#.# #.#
.########.##..#.#.#########.##
...##.....#..(#.#>.#.........#
.#.##...P..........#.#########
...##.....P...#.####.#


You could see a wight and a gnoll.

Vanquished Creatures
  4 wights (D:2)
  An orc wizard (D:3)
  A hound skeleton (D:2)
  A gnoll (D:2)
  2 adders
  3 adder skeletons (D:2)
  An adder zombie (D:2)
  2 dart slugs
  3 leopard geckos (D:1)
  9 orcs (D:3)
  7 bats
  2 giant cockroaches
  5 goblins
  7 hobgoblins
  2 quokkas (D:2)
  A ball python (D:1)
  A ball python zombie (D:2)
  3 frilled lizards
  A giant cockroach zombie (D:2)
  4 kobolds (D:1)
  2 leopard gecko skeletons (D:2)
  4 rats
66 creatures vanquished.

Notes
Turn   | Place    | Note
-------+----------+-------------------------------------------
     0 | D:1      | thag the Troll Berserker began the quest for the Orb.
     0 | D:1      | Reached XP level 1. HP: 22/22 MP: 0/0
    83 | D:1      | Reached XP level 2. HP: 25/29 MP: 1/1
   374 | D:1      | Reached ** piety under Trog
   484 | D:1      | Reached XP level 3. HP: 36/36 MP: 2/2
   972 | D:2      | Reached XP level 4. HP: 35/45 MP: 3/3
  1236 | D:3      | Reached skill level 4 in Unarmed Combat
  1254 | D:3      | Reached XP level 5. HP: 50/53 MP: 4/4
  1440 | D:2      | Reached XP level 6. HP: 61/62 MP: 5/5
  1485 | D:2      | Slain by a wight

Illustrated notes

Levels and vault maps discovered:
D:1:      lemuel_arrival_broad_hall, layout_basic
D:2:      layout_basic, serial_undead, serial_undead_e, serial_undead_d,
          serial_undead_b, serial_undead_b, serial_undead_b, serial_undead_c
D:3:      layout_loops_ring

Skill      XL: |  1  2  3  4 |
---------------+-------------+-----
Fighting       | 3 |  3.8
Dodging        | 3 |  3.8
Unarmed Combat | 4 |  4.7

Action                   |  1- 3 |  4- 6 || total
-------------------------+-------+-------++-------
Melee: Unarmed           |    97 |    89 ||   186
Invok: Berserk           |       |     2 ||     2
       Trog's Hand       |       |     2 ||     2
Armor: Animal skin       |    43 |    21 ||    64
Dodge: Dodged            |    57 |    36 ||    93

Table legend: (Time is in decaauts)
 A = Elapsed time spent in this place.
 B = Non-inter-level travel time spent in this place.
 C = Inter-level travel time spent in this place.
 D = Time resting spent in this place.
 E = Time spent auto-exploring this place.
 F = Levels seen in this place.
 G = Mean time per level.
                   A        B        C        D        E       F      G
               +--------+--------+--------+--------+--------+-----+--------+
         Total |   1497 |   1497 |      0 |    118 |    933 |   3 |  499.0 |
       Dungeon |   1497 |   1497 |      0 |    118 |    933 |   3 |  499.0 |
               +--------+--------+--------+--------+--------+-----+--------+

Top non-repeatable levels by time:
     D:2: 656 daAuts
     D:1: 625 daAuts
     D:3: 215 daAuts
